Map: Ulrena

Players

Enoks

  • Race: Protoss Protoss
  • League: Gold

capac - Winner!

  • Race: Terran Terran
  • League: Gold

VOD

Have the link to the VOD?

Description

Time

  • Played on: April 30, 2016, 10:31 a.m.
  • Length: 8:56
Show
View Real Time Build Order
Export as new Build Order

Enoks Protoss 

Build Orders: 1 Gate Expand 

Get SALT Encoding   

  12  0:02  Probe (Chrono Boost)  
  13  0:12  Probe (Chrono Boost)  
  14  0:17  Pylon  
  14  0:23  Probe (Chrono Boost)  
  15  0:36  Probe (Chrono Boost)  
  16  0:42  Gateway  
  16  0:46  Probe (Chrono Boost)  
  17  0:55  Assimilator  
  17  0:57  Probe (Chrono Boost)  
  17  1:08  Probe (Chrono Boost)  
  18  1:18  Probe (Chrono Boost)  
  19  1:29  Probe (Chrono Boost)  
  20  1:35  Nexus  
  20  1:45  Cybernetics Core  
  20  1:47  Probe (Chrono Boost)  
  21  1:54  Pylon  
  21  1:58  Probe (Chrono Boost)  
  22  2:02  Assimilator  
  23  2:08  Probe (Chrono Boost)  
  24  2:23  Probe (Chrono Boost)  
  24  2:24  Stalker (Chrono Boost)  
  24  2:26  Warp Gate  
  26  2:33  Probe (Chrono Boost)  
  27  2:45  Probe  
  27  2:52  Probe  
  27  2:57  Probe  
  28  3:00  Stalker (Chrono Boost)  
  28  3:03  Probe  
  31  3:09  Mothership Core  
  31  3:12  Robotics Facility  
  33  3:13  Probe  
  33  3:15  Pylon  
  34  3:24  Probe  
  35  3:30  Probe  
  36  3:37  Probe  
  36  3:38  Gateway  
  36  3:41  Gateway  
  37  3:43  Probe  
  37  3:47  Probe  
  38  3:55  Probe  
  40  3:57  Pylon  
  40  3:58  Assimilator  
  40  4:01  Assimilator  
  40  4:03  Observer  
  40  4:07  Sentry (Chrono Boost)  
  43  4:15  Pylon  
  43  4:18  Pylon  
  43  4:22  Probe  
  43  4:23  Probe, Pylon  
  45  4:25  Observer  
  46  4:32  Probe  
  46  4:35  Probe  
  48  4:43  Probe  
  49  4:46  Immortal  
  49  4:47  Probe  
  49  4:48  Stalker  
  49  4:50  Sentry  
  58  4:53  Probe  
  58  4:59  Probe  
  60  5:00  Forge  
  60  5:03  Sentry  
  60  5:04  Probe  
  63  5:25  Adept x2  
  67  5:29  Immortal  
  67  5:34  Twilight Council  
  71  5:39  Probe  
  71  5:40  Probe  
  73  5:48  Robotics Bay  
  73  5:51  Robotics Facility  
  73  5:56  Stalker  
  75  5:57  Zealot  
  75  5:59  Zealot  
  79  6:06  Probe  
  79  6:08  Probe  
  81  6:13  Photon Cannon  
  81  6:17  Probe  
  81  6:20  Probe  
  81  6:21  Photon Cannon  
  81  6:23  Pylon  
  83  6:32  Probe  
  84  6:41  Adept x2  
  84  6:42  Zealot  
  90  6:49  Gateway  
  90  6:50  Gateway  
  90  6:52  Pylon x2  
  90  6:57  Pylon  
  90  6:58  Pylon  
  90  7:09  Colossus  
  90  7:12  Colossus  
  100  7:34  Stalker x3  
  95  8:07  Mothership Core  
  96  8:39  Stalker x3  
Show
View Real Time Build Order
Export as new Build Order

capac Terran - Winner!

Build Orders: Reaper Expand, MMM Bio 

Get SALT Encoding   

  12  0:00  SCV  
  13  0:13  SCV  
  14  0:17  Supply Depot  
  14  0:25  SCV  
  15  0:39  SCV  
  15  0:41  Barracks  
  16  0:44  Refinery  
  16  0:51  SCV  
  17  1:07  SCV  
  18  1:19  SCV  
  19  1:28  Barracks  
  19  1:38  Orbital Command  
  19  1:41  Reaper  
  20  2:01  Command Center  
  20  2:08  Supply Depot  
  20  2:14  Marine  
  21  2:18  SCV  
  22  2:23  Factory  
  22  2:28  Barracks Tech Lab  
  22  2:38  SCV  
  22  2:40  Marine  
  24  2:51  SCV  
  24  3:10  Barracks Reactor  
  24  3:12  Refinery, Factory Tech Lab  
  24  3:14  Barracks  
  24  3:17  Orbital Command  
  24  3:21  SCV  
  25  3:27  Bunker  
  25  3:31  Marine  
  25  3:36  Siege Tank  
  28  3:45  SCV  
  28  3:47  SCV  
  30  3:49  Marine  
  30  3:50  Marine x2  
  33  3:58  Starport  
  33  4:02  SCV x2  
  35  4:06  Supply Depot  
  35  4:13  Supply Depot  
  35  4:14  SCV  
  35  4:15  SCV  
  37  4:19  Marine x2  
  39  4:25  Marine  
  39  4:26  Marine  
  39  4:29  SCV x2  
  43  4:32  Refinery  
  43  4:38  Supply Depot, Starport Reactor  
  43  4:43  Engineering Bay  
  43  4:44  Marine x3  
  43  4:45  Marine  
  47  4:48  Stimpack  
  47  4:49  SCV x2  
  49  5:01  SCV x2  
  49  5:03  Barracks Reactor  
  49  5:06  Siege Tank  
  54  5:09  Marine x2  
  54  5:13  SCV x2  
  58  5:18  Marine  
  58  5:20  Supply Depot  
  59  5:23  Terran Infantry Weapons Level 1  
  59  5:31  Missile Turret  
  59  5:32  Marine x2  
  59  5:33  SCV  
  62  5:36  Marine  
  63  5:44  Medivac x2  
  63  5:46  Supply Depot  
  63  5:48  SCV x2  
  69  5:53  Marine x4  
  73  6:00  Refinery, SCV  
  74  6:06  Missile Turret  
  74  6:07  SCV  
  74  6:08  Marine  
  76  6:15  Marine x3  
  76  6:16  Marine  
  80  6:19  Supply Depot  
  80  6:23  Engineering Bay  
  80  6:25  SCV x2  
  82  6:26  Armory  
  82  6:36  Medivac  
  82  6:37  Medivac  
  86  6:40  Marine x5  
  86  6:42  Supply Depot  
  91  6:50  Terran Infantry Armor Level 1  
  91  6:52  Combat Shields  
  91  6:54  SCV x2  
  91  7:00  Marine  
  94  7:03  Marine x4  
  94  7:06  Supply Depot  
  98  7:19  Marine  
  98  7:21  Marine x3  
  102  7:28  Marine  
  103  7:42  Marine x4  
  107  7:45  Marine  
  102  8:08  Marine x5  
  104  8:18  Siege Tank  
  104  8:19  Viking  
  109  8:24  Barracks  
  109  8:26  Marine  
  110  8:28  Marine x2  
  110  8:36  Marine  
Tags
 
Add a new tag
Caveats
  • Supply blocks, unpowered buildings, or Contaminate may cause inaccurate times.
  • Supply counts are checked every 10 seconds.